 Dungeon Crawl Stone Soup version 0.28.0-62-gf88900778d (webtiles) character file.

Game seed: 17032489687905673195

615 cbfl8 the Skirmisher (level 7, 0/62 HPs)
             Began as a Minotaur Berserker on July 2, 2023.
             Was a Priest of Trog.
             Slain by a gnoll
             ... wielding a +0 club
              (3 damage)
             ... on level 5 of the Dungeon.
             The game lasted 00:02:48 (5402 turns).

cbfl8 the Skirmisher (Minotaur Berserker)           Turns: 5402, Time: 00:02:48

Health: 0/62       AC:  9    Str: 22    XL:     7   Next: 21%
Magic:  6/6        EV:  8    Int:  4    God:    Trog [***...]
Gold:   189        SH:  0    Dex: 11    Spells: 6/6 levels left

rFire   . . .      SeeInvis .   a - +0 falchion
rCold   . . .      Faith    .   (no shield)
rNeg    . . .      Spirit   .   k - +0 chain mail
rPois   .          Reflect  .   (helmet restricted)
rElec   .          Harm     .   (no cloak)
rCorr   .          Rampage  .   (no gloves)
Will    .....                   (no boots)
Stlth   ..........              (no amulet)
HPRegen 0.20/turn               (no ring)
MPRegen 0.10/turn               (no ring)

@: on berserk cooldown, slowed, very slow
A: horns 2, retaliatory headbutt
a: Renounce Religion, Berserk, Trog's Hand


You were on level 5 of the Dungeon.
You worshipped Trog.
Trog was most pleased with you.
You visited 1 branch of the dungeon, and saw 5 of its levels.

You collected 189 gold pieces.

Inventory:

Hand Weapons
 a - a +0 falchion (weapon)
Armour
 k - a +0 chain mail (worn)
Jewellery
 o - a ring of positive energy
Wands
 b - a wand of digging (2)
 l - a wand of acid (13)
Scrolls
 d - 2 scrolls of enchant armour
 e - a scroll of blinking
 f - a scroll of fog
 g - 2 scrolls of summoning {unknown}
 j - a scroll of noise
Potions
 c - 6 potions of curing {unknown}
 h - a potion of resistance {unknown}
 i - 2 potions of brilliance {unknown}
 m - 2 potions of might {unknown}
 n - a potion of heal wounds {unknown}


   Skills:
 + Level 5.7 Fighting
 - Level 5.4 Long Blades
 * Level 2.1 Axes
 + Level 3.5 Armour
 + Level 3.2 Dodging
 + Level 2.2 Stealth
 * Level 3.0 Evocations


You had 6 spell levels left.
You didn't know any spells.
Your spell library was empty.

Dungeon Overview and Level Annotations

Branches:
Dungeon (5/15)             Temple (0/1) D:4

Altars:


Innate Abilities, Weirdness & Mutations

You have a pair of horns on your head.
You reflexively headbutt those who attack you in melee.


Message History

Things that are here:
a +0 giant spiked club; an ogre corpse The iguana misses you.
You hit the iguana but do no damage. You headbutt the iguana!
The iguana is heavily wounded.
The iguana barely misses you.
You slash the iguana!
You kill the iguana!
Trog accepts your kill.
Your Evocations skill increases to level 3!
A gnoll comes into view. It is wielding a +0 whip.
The gnoll shouts!
A gnoll comes into view. It is wielding a +0 spear.
You see here an iguana corpse.
Things that are here:
a +0 giant spiked club; an ogre corpse The gnoll throws a throwing net.
The throwing net barely misses you.
There is a stone staircase leading down here.
You see here a throwing net.
A gnoll comes into view. It is wielding a +0 club.
The gnoll shouts!
You see here 11 gold pieces.
You now have 189 gold pieces (gained 11).
The gnoll barely misses you. You furiously retaliate!
You headbutt the gnoll!
The gnoll hits you from afar with a +0 spear.
The gnoll hits you with a +0 whip. x2
* * * LOW HITPOINT WARNING * * *
The gnoll barely misses you. The gnoll closely misses you.
You see here a ring of positive energy.
o - a ring of positive energy The gnoll hits you from afar with a +0 spear.
* * * LOW HITPOINT WARNING * * *
The gnoll hits you but does no damage.
The gnoll hits you from afar with a +0 spear.
* * * LOW HITPOINT WARNING * * *
The gnoll hits you from afar with a +0 spear!
* * * LOW HITPOINT WARNING * * *
The gnoll hits you with a +0 club.
You die...

.........†........###.
....#.............###.#
....#.................#
....#.#...........#####
... #.#...........# ###
#.#..........######
#.#.........g......
....###....g.###### .#.
#.....@g...# #
#......###.# #......#
########


You could see 3 gnolls.

Vanquished Creatures
  A water moccasin (D:4)
  An ogre (D:5)
  A phantom (D:4)
  A hound (D:4)
  A centaur skeleton (D:4)
  Ijyb (D:4)
  An iguana (D:5)
  3 gnolls (D:4)
  11 adders
  A white imp (D:4)
  An adder skeleton (D:4)
  4 worms
  3 dart slugs
  8 orcs
  7 ball pythons
  3 endoplasms
  3 giant cockroaches
  4 goblins
  9 hobgoblins
  7 jackals
  7 kobolds
  A quokka (D:3)
  7 bats
  3 frilled lizards
  5 rats
94 creatures vanquished.

Notes
Turn   | Place    | Note
-------+----------+-------------------------------------------
     0 | D:1      | cbfl8 the Minotaur Berserker began the quest for the Orb.
     0 | D:1      | Reached XP level 1. HP: 19/19 MP: 0/0
   136 | D:1      | Found a faded altar of an unknown god.
   840 | D:1      | Reached XP level 2. HP: 27/27 MP: 1/1
  1515 | D:2      | Reached XP level 3. HP: 28/33 MP: 2/2
  1627 | D:2      | Reached skill level 1 in Evocations
  2029 | D:2      | Reached ** piety under Trog
  2072 | D:2      | Reached XP level 4. HP: 27/40 MP: 3/3
  2683 | D:3      | Reached skill level 1 in Stealth
  3384 | D:3      | Reached XP level 5. HP: 37/47 MP: 4/4
  4145 | D:4      | Noticed a water moccasin
  4152 | D:4      | Noticed Ijyb
  4154 | D:4      | Killed a water moccasin
  4155 | D:4      | Reached skill level 5 in Long Blades
  4159 | D:4      | Killed Ijyb
  4160 | D:4      | Reached XP level 6. HP: 45/55 MP: 5/5
  4764 | D:4      | Reached *** piety under Trog
  4765 | D:4      | Reached skill level 5 in Fighting
  4765 | D:4      | Reached skill level 1 in Axes
  5162 | D:4      | Found a staircase to the Ecumenical Temple.
  5238 | D:4      | Identified the +0 leather armour of the Big Bang {Rampage
                  | Int+5 Dex+4}
  5288 | D:5      | Entered Level 5 of the Dungeon
  5379 | D:5      | Reached XP level 7. HP: 31/62 MP: 6/6
  5402 | D:5      | HP: 3/62 [gnoll/+0 spear (7)]
  5402 | D:5      | Slain by a gnoll

Illustrated notes

Levels and vault maps discovered:
D:1:      amcnicky_arrival_feature_with_door, layout_basic,
          ebering_ecumenical_altar_rust, corexii_leaking_fountain,
          minmay_pentomino_u2
D:2:      kb_forest_paths, layout_basic
D:3:      minmay_inner_zag, layout_basic, minmay_fountain_box
D:4:      layout_loops_ring, minmay_temple_entry_statues_pillars,
          kennysheep_cluttered_room, kennysheep_generic_room_15, uniq_ijyb
D:5:      layout_basic

Skill      XL: |  1  2  3  4  5  6  7 |
---------------+----------------------+-----
Fighting       | 4 5 |  5.7
Long Blades    | 4 5 |  5.4
Evocations     | 1 2 3 |  3.0
Stealth        | 1 2 |  2.2
Dodging        | 3 |  3.2
Axes           | 2 |  2.1
Armour         | 3 |  3.5

Action                   |  1- 3 |  4- 6 |  7- 9 || total
-------------------------+-------+-------+-------++-------
Melee: Falchion          |    65 |   148 |     2 ||   215
       Headbutt          |    10 |    25 |     1 ||    36
       Punch             |       |     1 |       ||     1
Invok: Berserk           |       |     2 |       ||     2
  Use: Scroll            |     2 |     3 |       ||     5
 Stab: Sleeping          |     4 |     5 |       ||     9
Armor: Animal skin       |     7 |     6 |       ||    13
       Chain mail        |       |    40 |     1 ||    41
Dodge: Dodged            |    36 |    66 |     6 ||   108
